 Dungeon Crawl Stone Soup version 0.24.1-11-gbbbb2193e6 (webtiles) character file.

Game seed: 12263192659575987950, levelgen mode: deterministic

62540 Storetsch the Severer (level 14, -1/136 HPs)
             Began as a Minotaur Berserker on May 13, 2020.
             Was a High Priest of Trog.
             Slain by a two-headed ogre
             ... wielding a +1 dire flail of protection
             ... summoned by a boggart
              (8 damage)
             ... on level 15 of the Dungeon.
             The game lasted 01:26:49 (21921 turns).

Storetsch the Severer (Minotaur Berserker)         Turns: 21921, Time: 01:26:50

Health: -1/136     AC: 17    Str: 25    XL:     14   Next: 64%
Magic:  14/14      EV: 11    Int:  9    God:    Trog [*****.]
Gold:   1068       SH: 15    Dex: 18    Spells: 13/13 levels left

rFire    + . .     SeeInvis .   w - +4 broad axe (vamp) {!w}
rCold    . . .     Gourm    .   o - +0 shield
rNeg     . . .     Faith    .   k - +4 scale mail {rPois} {rPois}
rPois    +         Spirit   .   (helmet restricted)
rElec    .         Reflect  .   I - +2 cloak
rCorr    .         Harm     .   (no gloves)
MR       +++..                  Z - +1 pair of boots {run} {Speed+}
Stlth    ..........             j - amulet of the acrobat
HPRegen  1.32/turn              F - ring of protection from fire
MPRegen  0.14/turn              X - ring "Desakuen" {Int+3 Dex+8}

@: regenerating, quick
A: retaliatory headbutt, horns 2
a: Berserk, Trog's Hand, Brothers in Arms, Renounce Religion


You were on level 15 of the Dungeon.
You worshipped Trog.
Trog was extremely pleased with you.
You were not hungry.

You visited 3 branches of the dungeon, and saw 18 of its levels.
You also visited: Gauntlet.

You collected 2092 gold pieces.
You spent 1024 gold pieces at shops.

Inventory:

Hand Weapons
 a - a +0 broad axe of freezing
 w - a +4 vampiric broad axe (weapon) {!w}
 A - the +5 spear of Fodej {venom, rF+ Dex+4}
   (You took it off a spriggan rider on level 13 of the Dungeon)

   It poisons the flesh of those it strikes.
   It affects your dexterity (+4).
   It protects you from fire.
 H - a +1 short sword of distortion {!w}
 J - the +3 scythe of Expedience {venom, Int+6}
   (You found it on level 9 of the Dungeon)

   It poisons the flesh of those it strikes.
   It affects your intelligence (+6).
 M - a +3 executioner's axe of electrocution
 T - a +3 scimitar of flaming
 W - the +8 hand axe "Moehiheh" {elec, rF+ rC+}
   (You bought it in a shop on level 14 of the Dungeon)

   Occasionally, upon striking a foe, it will discharge some electrical energy
   and cause terrible harm.
   It protects you from fire.
   It protects you from cold.
Missiles
 e - 48 boomerangs
 v - 25 javelins (quivered)
 L - a throwing net {=f}
 R - 3 boomerangs of dispersal {=f}
Armour
 g - +0 acid dragon scales
 k - a +4 scale mail of poison resistance (worn) {rPois}
 o - a +0 shield (worn)
 u - a +1 ring mail of positive energy {rN+}
 I - a +2 cloak (worn)
 Z - a +1 pair of boots of running (worn) {Speed+}
Jewellery
 i - an uncursed ring of fire {rF+, rC-}
 j - an amulet of the acrobat (around neck)
 l - the amulet of Xashriys {RegenMP rElec rF- Dex+7}
   (You acquired it on level 12 of the Dungeon)

   [amulet of magic regeneration]

   It increases your magic regeneration.
   It affects your dexterity (+7).
   It makes you vulnerable to fire.
   It insulates you from electricity.
 F - a ring of protection from fire (left hand)
 N - an uncursed ring of positive energy {rN+}
 X - the ring "Desakuen" (right hand) {Int+3 Dex+8}
   (You found it in a Gauntlet)

   [ring of intelligence]

   It affects your intelligence (+3).
   It affects your dexterity (+8).
Wands
 d - a wand of disintegration (13)
 q - a wand of iceblast (7)
 D - a wand of digging (7)
 E - a wand of clouds (4)
 G - a wand of acid (3)
Scrolls
 f - 4 scrolls of fog
 h - 8 scrolls of remove curse
 s - 2 scrolls of enchant weapon
 t - 7 scrolls of teleportation
 y - 2 scrolls of enchant armour
 B - a scroll of blinking {!r}
 V - 3 scrolls of magic mapping {!r}
Potions
 m - 2 potions of brilliance
 n - a potion of magic {unknown}
 p - 2 potions of flight
 r - a potion of agility
 x - 6 potions of lignification {!q}
 z - 2 potions of haste
 C - a potion of cancellation {unknown}
 O - a potion of resistance
 P - 4 potions of mutation {!q}
 S - 5 potions of curing
 U - a potion of might
 Y - 2 potions of heal wounds
Comestibles
 c - 16 rations


   Skills:
 + Level 15.7 Fighting
 + Level 17.6 Axes
 - Level 7.0 Throwing
 - Level 8.0 Armour
 - Level 2.1 Dodging
 - Level 15.0 Shields
 + Level 2.4 Evocations


You had 13 spell levels left.
You didn't know any spells.
Your spell library was empty.

Dungeon Overview and Level Annotations

Branches:
Dungeon (15/15)            Temple (1/1) D:6            Lair (0/6) D:9
    Orc (2/2) D:11            Elf (0/3) Orc:2        Vaults (0/5) D:13
Gauntlet (visited)
 Depths: D:15

Altars:
Ashenzari
Cheibriados
Dithmenos
Elyvilon
Fedhas
Gozag
Hepliaklqana
Kikubaaqudgha
Makhleb
Nemelex Xobeh
Okawaru
Qazlal
Ru
Sif Muna
Trog
Uskayaw
Vehumet
Wu Jian
Xom
Yredelemnul
Zin
The Shining One
Beogh

Shops:
D:4 !   D:9 !   D:14 (   Orc:2 !!:*[

Annotations:
D:7 1 runed translucent door, releu's ghost, novice CeWr
D:11 1 runed translucent door, zujk's ghost, journeyman TrFi


Innate Abilities, Weirdness & Mutations

You reflexively headbutt those who attack you in melee.
You have a pair of horns on your head.


Message History

You slice the two-headed ogre!! You headbutt the two-headed ogre!
You kill the two-headed ogre!
The two-headed ogre's corpse dissolves into shadows!
You hit the two-headed ogre.
The centaur shoots an arrow.
The arrow hits you.
* * * LOW HITPOINT WARNING * * *
The arrow dissolves into shadows!
You take 3 damage, and have 23/136 hp.
The centaur unwields a +0 shortbow.
The centaur misses you.
You block the two-headed ogre's attack. x2
The two-headed ogre hits you with a +0 giant club!!
* * * LOW HITPOINT WARNING * * *
You block the two-headed ogre's attack.
You take 17 damage, and have 6/136 hp.
You slice the centaur!!
You kill the centaur!
The centaur's corpse dissolves into shadows!
You completely miss the two-headed ogre.
You slash the two-headed ogre!
The two-headed ogre hits you with a +1 dire flail of protection!
You die...

.#....#^...........#.##.#
.#....######..c##..#.##.#
.######...##...##..#....#
.##............##..#....#
.##.............#..#.##.#
.##.<#.#######'##..#.##.#
.##..#.........O#..#)...#
.##..#..#....##O####....#
######..#....##.@..)))..#
........#....##.O##.....#
#..##........##..##.....#
#)...............##.....#
.)......................#
#########################


You could see 3 two-headed ogres.

Levels and vault maps discovered:
D:1:      wander_arrival_fairy_ring, layout_basic, minmay_box_of_dots
D:2:      layout_loops_ring, amethyst_killhole
D:3:      layout_basic, lemuel_coloured_pillars_altar, cheibriados_altar_1,
          minmay_fountain_box, uniq_ijyb
D:4:      layout_basic, serial_shops, shop, uniq_duvessa
D:5:      layout_loops_ring, lemuel_doored_altar,
          nicolae_overflow_hidden_temple, first_ration, uniq_eustachio,
          uniq_prince_ribbit1
D:6:      cheibrodos_fzero, layout_cave_pools, old_standard_altar,
          minmay_temple_entry_fiery, gammafunk_ghost_stat_death,
          chequers_serial_rivers_small_3, kennysheep_another_room
D:7:      layout_basic, kiku_gazebo_garden_becter,
          nicolae_overflow_crystal_walls, fedhas_altar_decomposition,
          ebering_ghost_xom, nicolae_tso_swordbearing_angel
D:8:      cheibrodos_quashed, layout_rooms, overflow_temple_1_default, uniq_grum
D:9:      layout_basic, grunt_temple_overflow_open, lair_entry_dummy,
          serial_shops, nicolae_shop_window_shopping, grunt_ogre_cave
D:10:     layout_irregular_city, chequers_serial_rivers_marsh, nooodl_food_tri,
          uniq_nergalle
D:11:     layout_roguey, david_orc_3, ebering_ghost_reflecting_pool,
          minmay_between, uniq_urug, uniq_sonja
D:12:     layout_roguey, gauntlet_entry_generic, lemuel_flamethrower_3,
          uniq_erolcha
D:13:     layout_loops_ring, david_vaults_1, ebering_ghost_funeral_grove,
          uniq_josephine, uniq_nessos
D:14:     layout_basic, nrook_mini_backslash, serial_shops, shop, st_stairs_6,
          uniq_azrael, uniq_frances
D:15:     gammafunk_enter_depths_forms, layout_stronghold,
          hangedman_decor_diamond_cutter
Temple:   jpeg_temple_clearing
Orc:1:    layout_caves, gammafunk_ghost_split, special_room [special_room_orc]
Orc:2:    st_orc_rangers, layout_diamond_mine, serial_shops,
          nicolae_shop_behind_doors

Notes
Turn   | Place    | Note
-------+----------+-------------------------------------------
     0 | D:1      | Storetsch the Minotaur Berserker began the quest for the
                  | Orb.
     0 | D:1      | Reached XP level 1. HP: 19/19 MP: 0/0
    41 | D:1      | Identified a +0 club
    92 | D:1      | Identified a +0 ring mail (You found it on level 1 of the
                  | Dungeon)
   113 | D:1      | Reached skill level 4 in Axes
   261 | D:1      | Reached XP level 2. HP: 22/27 MP: 1/1
   836 | D:2      | Identified a scroll of identify
   836 | D:2      | Identified a scroll of fog
   848 | D:2      | Identified a +0 club
   855 | D:2      | Identified a +0 club
   858 | D:2      | Reached skill level 4 in Fighting
   991 | D:2      | Identified a +0 whip
   995 | D:2      | Reached skill level 3 in Armour
   995 | D:2      | Reached XP level 3. HP: 31/33 MP: 2/2
  1093 | D:2      | Identified a +0 club
  1146 | D:2      | Identified a +0 giant club
  1146 | D:2      | Noticed an ogre
  1156 | D:2      | HP: 4/49 [ogre/+0 giant club (16)]
  1161 | D:2      | Killed an ogre
  1161 | D:2      | Reached skill level 5 in Axes
  1161 | D:2      | Reached XP level 4. HP: 5/41 MP: 3/3
  1848 | D:2      | Identified 2 scrolls of remove curse
  1908 | D:2      | Identified a +0 chain mail (You found it on level 2 of the
                  | Dungeon)
  1971 | D:3      | Identified a +0 club
  1972 | D:3      | Identified a +0 club
  1972 | D:3      | Identified a +0 mace
  1974 | D:3      | Found a snail-covered altar of Cheibriados.
  1975 | D:3      | Reached XP level 5. HP: 47/47 MP: 4/4
  1978 | D:3      | Reached ** piety under Trog
  2037 | D:3      | Reached skill level 4 in Armour
  2231 | D:3      | Identified 2 scrolls of amnesia
  2267 | D:3      | Identified a +0 club
  2281 | D:3      | Reached skill level 6 in Axes
  2285 | D:3      | Identified a +1 ring mail of positive energy
  2285 | D:3      | Noticed Ijyb
  2285 | D:3      | Identified a +0 whip
  2297 | D:3      | Killed Ijyb
  2297 | D:3      | Reached skill level 5 in Fighting
  2782 | D:3      | Found a hazy altar of Hepliaklqana.
  2834 | D:4      | Identified a +0 dagger
  2834 | D:4      | Identified a +0 war axe
  2834 | D:4      | Identified a +0 leather armour
  2835 | D:4      | Identified a +0 short sword
  2835 | D:4      | Identified a +0 dagger
  2835 | D:4      | Identified a +0 robe
  2837 | D:4      | Identified a +0 dagger
  2837 | D:4      | Identified a +0 robe
  2846 | D:4      | Reached XP level 6. HP: 56/56 MP: 5/5
  3020 | D:4      | Identified a +0 flail
  3020 | D:4      | Identified a +0 hand axe
  3020 | D:4      | Identified a +0 dagger
  3020 | D:4      | Identified a +0 robe
  3020 | D:4      | Identified a +0 dagger
  3020 | D:4      | Identified a +0 robe
  3020 | D:4      | Identified a +0 dagger
  3020 | D:4      | Identified a +0 robe
  3141 | D:4      | Found Pitonaudigg's Distillery.
  3147 | D:4      | Identified a +2 dagger of flaming
  3147 | D:4      | Identified a +1 robe of cold resistance
  3147 | D:4      | Noticed Dowan
  3150 | D:4      | Identified a cursed +0 short sword
  3150 | D:4      | Identified a +0 scale mail
  3150 | D:4      | Noticed Duvessa
  3163 | D:4      | Killed Dowan
  3163 | D:4      | Reached skill level 7 in Axes
  3184 | D:4      | Killed Duvessa
  3184 | D:4      | Reached skill level 5 in Armour
  3184 | D:4      | Reached XP level 7. HP: 58/62 MP: 6/6
  3238 | D:4      | Bought a potion of heal wounds for 55 gold pieces
  3238 | D:4      | Bought a potion of might for 44 gold pieces
  3238 | D:4      | Bought a potion of curing for 33 gold pieces
  3587 | D:4      | Reached skill level 6 in Fighting
  3986 | D:4      | Bought a potion of berserk rage for 55 gold pieces
  3986 | D:4      | Bought a potion of mutation for 88 gold pieces
  3996 | D:5      | Entered Level 5 of the Dungeon
  4146 | D:5      | Found an iron altar of Okawaru.
  4258 | D:5      | Identified a +0 falchion
  4258 | D:5      | Identified a +0 leather armour
  4258 | D:5      | Noticed Eustachio
  4268 | D:5      | Killed Eustachio
  4268 | D:5      | Reached skill level 8 in Axes
  4281 | D:5      | Noticed Prince Ribbit
  4288 | D:5      | Identified a +0 shortbow
  4302 | D:5      | Killed Prince Ribbit
  4302 | D:5      | Reached skill level 6 in Armour
  4302 | D:5      | Reached XP level 8. HP: 39/71 MP: 7/7
  4644 | D:5      | Reached skill level 9 in Axes
  4923 | D:6      | Found an ornate altar of the Wu Jian Council.
  4984 | D:6      | Reached skill level 7 in Fighting
  4987 | D:6      | Identified a +0 shortbow
  4990 | D:6      | Identified a +0 dagger
  4990 | D:6      | Identified a +0 robe
  4991 | D:6      | Reached *** piety under Trog
  5011 | D:6      | Reached skill level 10 in Axes
  5011 | D:6      | Reached skill level 7 in Armour
  5017 | D:6      | Identified a +0 giant spiked club
  5270 | D:6      | Reached XP level 9. HP: 73/81 MP: 8/8
  5348 | D:6      | Identified a ring of protection from fire (You found it on
                  | level 6 of the Dungeon)
  5374 | D:6      | Found a transporter.
  5379 | D:6      | Noticed RaHiT's ghost (novice DrIE)
  5419 | D:6      | Found a transporter.
  5430 | D:6      | Reached skill level 8 in Fighting
  5524 | D:6      | Identified 4 potions of degeneration
  5525 | D:6      | Identified 2 potions of lignification
  5526 | D:6      | Identified 4 scrolls of teleportation
  5527 | D:6      | Identified 2 scrolls of random uselessness
  5766 | D:6      | Found a staircase to the Ecumenical Temple.
  5772 | Temple   | Entered the Ecumenical Temple
  6005 | D:6      | Killed RaHiT's ghost
  6005 | D:6      | Reached skill level 11 in Axes
  6005 | D:6      | Reached skill level 8 in Armour
  6028 | D:6      | Identified a +0 shield (You found it on level 6 of the
                  | Dungeon)
  6164 | D:7      | Found a glowing golden altar of the Shining One.
  6188 | D:7      | Identified a +0 short sword
  6188 | D:7      | Identified a +0 hunting sling
  6188 | D:7      | Identified a +0 leather armour
  6352 | D:7      | Identified a scroll of magic mapping
  6366 | D:7      | Found a runed translucent door.
  6367 | D:7      | Found a shimmering altar of Xom.
  6367 | D:7      | Noticed releu's ghost (novice CeWr)
  6368 | D:7      | Identified a +2 rapier of chaos
  6368 | D:7      | Noticed a +2 rapier of chaos
  6406 | D:7      | Found an ancient bone altar of Kikubaaqudgha.
  6421 | D:7      | Reached skill level 1 in Shields
  6552 | D:7      | Reached skill level 2 in Shields
  6684 | D:7      | Reached skill level 9 in Fighting
  6777 | D:7      | Found a blossoming altar of Fedhas.
  6817 | D:7      | Reached skill level 12 in Axes
  6817 | D:7      | Reached skill level 3 in Shields
  7034 | D:7      | Found a glowing golden altar of the Shining One.
  7083 | D:7      | Identified a +0 club
  7083 | D:7      | Identified a +0 club
  7083 | D:7      | Identified a +0 leather armour
  7083 | D:7      | Identified a +0 club
  7262 | D:7      | Identified a scroll of enchant weapon
  7374 | D:8      | Reached **** piety under Trog
  7390 | D:8      | You fall into a shaft and drop 3 floors!
  7390 | D:11     | Found a staircase to the Orcish Mines.
  7390 | D:11     | Identified a +0 dagger
  7390 | D:11     | Identified a +0 battleaxe
  7390 | D:11     | Identified a +0 chain mail
  7390 | D:11     | Identified a +3 double sword
  7390 | D:11     | Identified a +3 scale mail of poison resistance
  7390 | D:11     | Noticed Urug
  7390 | D:11     | Identified a +1 dagger of venom
  7390 | D:11     | Identified a +0 club
  7390 | D:11     | Identified a +1 dagger of speed
  7390 | D:11     | Identified a +0 club
  7390 | D:11     | Identified a +0 club
  7391 | D:11     | Identified a +0 short sword
  7391 | D:11     | Identified a +0 dagger
  7391 | D:11     | Identified a +0 club
  7391 | D:11     | Noticed a manticore
  7392 | D:11     | Identified a +0 club
  7394 | D:11     | Identified a +1 dagger of protection
  7394 | D:11     | Identified a +0 leather armour
  7405 | D:11     | Reached XP level 10. HP: 49/91 MP: 4/9
  7413 | D:11     | HP: 20/91 [ice beast (13)]
  7418 | D:11     | Reached skill level 4 in Shields
  7445 | D:11     | Identified a +0 giant spiked club
  7445 | D:11     | Identified a +0 giant spiked club
  7445 | D:11     | Noticed a two-headed ogre
  7457 | D:11     | HP: 21/91 [two-headed ogre/+0 giant spiked club (36)]
  7457 | D:11     | HP: 8/91 [two-headed ogre/+0 giant spiked club (13)]
  7470 | D:11     | Identified a +0 dagger
  7470 | D:11     | Identified a +0 robe
  7480 | D:11     | Killed a two-headed ogre
  7495 | D:11     | Reached skill level 13 in Axes
  7776 | D:11     | Killed Urug
  7776 | D:11     | Reached skill level 10 in Fighting
  7776 | D:11     | Reached skill level 5 in Shields
  7909 | D:11     | Identified a +0 dagger
  7909 | D:11     | Identified a +0 robe
  7909 | D:11     | Identified a +1 short sword of distortion
  7909 | D:11     | Noticed Sonja
  7928 | D:11     | HP: 14/93 [Sonja/+1 short sword of distortion (19)]
  7929 | D:11     | HP: 5/93 [poisoned by Sonja (curare-tipped dart)]
  7929 | D:11     | Killed Sonja
  8099 | D:11     | Identified a +0 club
  8297 | D:10     | Entered Level 10 of the Dungeon
  8346 | D:9      | Got a brightly glowing scythe
  8347 | D:9      | Identified the +3 scythe of Expedience {venom, Int+6} (You
                  | found it on level 9 of the Dungeon)
  8383 | D:9      | Found a stormy altar of Qazlal.
  8397 | D:9      | Found an opulent altar of Gozag.
  8405 | D:9      | Identified a ring of poison resistance (You found it on
                  | level 9 of the Dungeon)
  8450 | D:9      | Found Jecel's Distillery.
  8457 | D:9      | Reached skill level 6 in Shields
  8470 | D:9      | Reached skill level 14 in Axes
  8562 | D:9      | Found a staircase to the Lair.
  8618 | D:9      | Identified a +2 halberd of venom
  8618 | D:9      | Identified a +0 robe
  8618 | D:9      | Identified a +0 flail
  8618 | D:9      | Identified a +0 robe
  8621 | D:9      | Identified a +2 flail of freezing
  8621 | D:9      | Identified a +0 robe
  8625 | D:9      | Identified a cursed +1 spear
  8625 | D:9      | Identified a +0 robe
  8636 | D:9      | Identified a +0 mace
  8636 | D:9      | Identified a +0 robe
  8803 | D:9      | Identified a +0 giant club
  8903 | D:9      | Bought a potion of resistance for 120 gold pieces
  8903 | D:9      | Bought a potion of invisibility for 96 gold pieces
  8951 | D:9      | Identified a +0 shortbow
  8963 | D:9      | Reached XP level 11. HP: 79/101 MP: 10/10
  8972 | D:8      | Identified a cursed -3 giant spiked club
  9198 | D:8      | Found a sparkling altar of Nemelex Xobeh.
  9212 | D:8      | Identified a +2 cloak (You found it on level 9 of the
                  | Dungeon)
  9269 | D:8      | Identified a +0 hand axe
  9269 | D:8      | Identified a +0 flail
  9269 | D:8      | Identified a +0 dagger
  9269 | D:8      | Identified a +0 robe
  9270 | D:8      | Identified a +0 dire flail
  9270 | D:8      | Identified a +0 plate armour
  9271 | D:8      | Identified a +0 flail
  9271 | D:8      | Identified a +0 ring mail
  9294 | D:8      | Received a gift from Trog
  9559 | D:8      | Identified a -1 halberd
  9559 | D:8      | Identified a +0 animal skin
  9559 | D:8      | Noticed Grum
  9586 | D:8      | Killed Grum
  9898 | D:8      | Identified a +0 pair of boots (You found it on level 8 of
                  | the Dungeon)
 10100 | D:9      | Reached skill level 7 in Shields
 10155 | D:9      | Identified a +0 short sword
 10155 | D:9      | Identified a +0 dagger
 10156 | D:9      | Identified a +0 falchion
 10156 | D:9      | Identified a cursed +0 leather armour
 10181 | D:9      | Identified a +0 dagger
 10181 | D:9      | Identified a +0 whip
 10181 | D:9      | Identified a +0 dagger
 10191 | D:9      | Reached skill level 11 in Fighting
 10273 | D:9      | Identified a +0 dagger
 10273 | D:9      | Identified a +0 leather armour
 10274 | D:9      | Identified a +0 club
 10275 | D:9      | Identified a +0 whip
 10312 | D:9      | Identified a +0 mace
 10456 | D:10     | Identified a +0 dagger
 10458 | D:10     | Identified a +0 club
 10516 | D:10     | Identified a +0 giant spiked club
 10662 | D:10     | Identified a +0 short sword
 10676 | D:10     | Identified a +0 giant club
 10676 | D:10     | Identified a +0 giant club
 10676 | D:10     | Noticed a two-headed ogre
 10708 | D:10     | HP: 30/153 [two-headed ogre/+0 giant club (11)]
 10711 | D:10     | Killed a two-headed ogre
 11266 | D:10     | Identified a +0 dagger
 11266 | D:10     | Identified a +0 robe
 11266 | D:10     | Noticed Nergalle
 11278 | D:10     | Identified a +0 trident
 11278 | D:10     | Identified a +0 chain mail
 11280 | D:10     | Identified a +0 great sword
 11280 | D:10     | Identified a +0 plate armour
 11280 | D:10     | Identified a +0 war axe
 11280 | D:10     | Identified a +0 chain mail
 11280 | D:10     | Identified a +0 mace
 11280 | D:10     | Identified a +0 plate armour
 11282 | D:10     | Identified a +0 morningstar
 11282 | D:10     | Identified a +0 chain mail
 11282 | D:10     | Killed Nergalle
 11282 | D:10     | Reached skill level 15 in Axes
 11378 | D:10     | Killed an unseen horror
 11378 | D:10     | Reached skill level 8 in Shields
 11570 | D:10     | Identified a cursed +0 whip
 11570 | D:10     | Identified a +0 leather armour
 11570 | D:10     | Identified a +0 club
 11570 | D:10     | Identified a +0 chain mail
 11570 | D:10     | Identified a +0 dagger
 11570 | D:10     | Identified a +0 scale mail
 11570 | D:10     | Identified a cursed -2 flail
 11570 | D:10     | Identified a +0 leather armour
 11571 | D:10     | Identified a +0 leather armour
 11616 | D:10     | Identified a +0 hand axe
 11624 | D:10     | Reached skill level 1 in Throwing
 11715 | D:11     | Identified a +0 whip
 11715 | D:11     | Identified a +0 ring mail
 11716 | D:11     | Identified a +0 scimitar
 11716 | D:11     | Identified a +0 plate armour
 11719 | D:11     | Identified a +0 dagger
 11719 | D:11     | Identified a cursed +0 robe
 11719 | D:11     | Identified a cursed -2 flail
 11925 | D:11     | Identified +0 steam dragon scales
 11935 | D:11     | Received a gift from Trog
 12055 | D:11     | Identified a cursed ring of wizardry
 12131 | D:11     | Identified a +0 mace
 12132 | D:11     | Identified a +0 leather armour
 12132 | D:11     | Identified a +0 club
 12132 | D:11     | Identified a +0 ring mail of cold resistance
 12134 | D:11     | Identified a cursed -2 club
 12134 | D:11     | Identified a +0 ring mail
 12164 | D:11     | Found a runed translucent door.
 12173 | D:11     | Noticed zujk's ghost (journeyman TrFi)
 12266 | D:11     | Identified a +0 long sword
 12309 | D:11     | Killed an unseen horror
 12309 | D:11     | Reached skill level 2 in Throwing
 12545 | D:11     | Identified a +0 shortbow
 12822 | Orc:1    | Entered Level 1 of the Orcish Mines
 12822 | Orc:1    | Identified a +0 halberd
 12822 | Orc:1    | Identified a +0 chain mail
 12822 | Orc:1    | Identified a +0 dagger
 12822 | Orc:1    | Identified a +0 robe
 12822 | Orc:1    | Identified a +3 dagger
 12822 | Orc:1    | Identified a +0 robe
 12987 | Orc:2    | Entered Level 2 of the Orcish Mines
 12987 | Orc:2    | Identified a +0 hand axe
 12987 | Orc:2    | Identified a +0 mace of protection
 12987 | Orc:2    | Identified a +0 leather armour
 12989 | Orc:2    | Identified a +0 dire flail
 12989 | Orc:2    | Identified a +0 plate armour
 12990 | Orc:2    | Identified a +0 trident
 12990 | Orc:2    | Identified a +0 dire flail
 12990 | Orc:2    | Noticed an orc high priest
 12999 | Orc:2    | Identified a +0 club
 13000 | Orc:2    | Identified a +0 flail
 13000 | Orc:2    | Identified a +0 scale mail
 13008 | Orc:2    | Killed an orc high priest
 13009 | Orc:2    | Identified a +0 dagger
 13009 | Orc:2    | Identified a +0 robe
 13009 | Orc:2    | Noticed an orc sorcerer
 13011 | Orc:2    | Identified a +0 flail
 13011 | Orc:2    | Reached ***** piety under Trog
 13025 | Orc:2    | Killed an orc sorcerer
 13025 | Orc:2    | Reached skill level 12 in Fighting
 13025 | Orc:2    | Reached XP level 12. HP: 84/112 MP: 11/11
 13026 | Orc:2    | Identified a +0 dagger
 13026 | Orc:2    | Identified a +0 leather armour
 13026 | Orc:2    | Identified a +0 dagger
 13026 | Orc:2    | Identified a +0 club
 13028 | Orc:2    | Identified a +0 halberd
 13028 | Orc:2    | Identified a cursed +0 chain mail
 13032 | Orc:2    | Identified a +0 dagger
 13032 | Orc:2    | Identified a +0 robe
 13036 | Orc:2    | Identified a +0 dagger
 13036 | Orc:2    | Identified a +0 ring mail
 13310 | Orc:2    | Found a staircase to the Elven Halls.
 13318 | Orc:2    | Found Nuha's Distillery.
 13321 | Orc:2    | Bought a potion of curing for 51 gold pieces
 13321 | Orc:2    | Bought a potion of heal wounds for 85 gold pieces
 13321 | Orc:2    | Bought a potion of curing for 51 gold pieces
 13321 | Orc:2    | Bought a potion of might for 68 gold pieces
 13331 | Orc:2    | Identified a +0 dagger
 13331 | Orc:2    | Identified a cursed +0 robe
 13331 | Orc:2    | Identified a cursed -3 falchion
 13331 | Orc:2    | Identified a +4 chain mail
 13332 | Orc:2    | Identified a +2 battleaxe
 13332 | Orc:2    | Identified a +4 arbalest of flaming
 13332 | Orc:2    | Identified a +0 plate armour
 13334 | Orc:2    | Paralysed by an orc sorcerer for 5 turns
 13341 | Orc:2    | Identified a +0 giant club
 13341 | Orc:2    | Identified a +0 dire flail
 13345 | Orc:2    | Reached skill level 3 in Throwing
 13393 | Orc:2    | Identified a +0 shortbow
 13393 | Orc:2    | Identified a +1 shortbow of flaming
 13393 | Orc:2    | Identified a +0 shortbow
 13402 | Orc:2    | Identified a cursed +0 shortbow
 13404 | Orc:2    | Identified a +0 shortbow
 13405 | Orc:2    | Identified a +0 great mace
 13405 | Orc:2    | Identified a +0 arbalest
 13408 | Orc:2    | Identified a cursed -2 shortbow
 13431 | Orc:2    | Identified a +0 war axe
 13431 | Orc:2    | Identified a +0 arbalest
 13431 | Orc:2    | Identified a +0 mace
 13431 | Orc:2    | Identified a +0 arbalest
 13434 | Orc:2    | Identified a +0 shortbow
 13434 | Orc:2    | Identified a +0 hand axe
 13434 | Orc:2    | Identified a +0 arbalest
 13435 | Orc:2    | Identified a +0 morningstar
 13435 | Orc:2    | Identified a +0 arbalest
 13435 | Orc:2    | Identified a cursed -2 great mace
 13435 | Orc:2    | Identified a +0 arbalest
 13435 | Orc:2    | Identified a cursed -3 halberd
 13435 | Orc:2    | Identified a +0 plate armour
 13439 | Orc:2    | Reached skill level 16 in Axes
 13439 | Orc:2    | Reached skill level 9 in Shields
 13440 | Orc:2    | Identified a +0 battleaxe
 13440 | Orc:2    | Identified a +0 arbalest
 13452 | Orc:2    | Identified a +0 shortbow
 13453 | Orc:2    | Identified a cursed -3 scimitar
 13453 | Orc:2    | Identified a +0 chain mail
 13453 | Orc:2    | Identified a +0 great mace
 13453 | Orc:2    | Identified a +0 arbalest
 13453 | Orc:2    | Identified a +0 great mace
 13453 | Orc:2    | Identified a +0 arbalest
 13454 | Orc:2    | Identified a +0 great mace
 13454 | Orc:2    | Identified a +0 arbalest
 13455 | Orc:2    | Identified a +0 dire flail
 13455 | Orc:2    | Identified a +0 chain mail
 13456 | Orc:2    | Identified a +0 mace
 13456 | Orc:2    | Identified a +0 arbalest
 13457 | Orc:2    | Identified a +0 scimitar
 13457 | Orc:2    | Identified a +0 plate armour
 13457 | Orc:2    | Identified a +0 broad axe
 13457 | Orc:2    | Identified a +0 arbalest
 13460 | Orc:2    | Identified a +0 broad axe
 13460 | Orc:2    | Identified a +0 arbalest
 13461 | Orc:2    | Identified a +0 trident
 13461 | Orc:2    | Identified a +0 plate armour
 13463 | Orc:2    | Identified a +0 trident
 13463 | Orc:2    | Identified a +0 plate armour
 13465 | Orc:2    | Identified a +0 mace
 13465 | Orc:2    | Identified a +0 arbalest
 13466 | Orc:2    | Identified a +0 battleaxe
 13466 | Orc:2    | Identified a +2 plate armour of positive energy
 13497 | Orc:2    | Identified a +0 glaive
 13497 | Orc:2    | Identified a +0 arbalest
 13738 | Orc:2    | Identified a +0 war axe
 13738 | Orc:2    | Identified a +0 chain mail
 13836 | Orc:2    | Identified a +0 trident
 13836 | Orc:2    | Identified a +0 arbalest
 13866 | Orc:2    | Identified a +0 trident
 13866 | Orc:2    | Identified a +0 arbalest
 13930 | Orc:2    | Identified a +0 great mace
 13930 | Orc:2    | Identified a +0 arbalest
 13933 | Orc:2    | Identified a +0 broad axe
 13933 | Orc:2    | Identified a +0 arbalest
 13933 | Orc:2    | Identified a +0 shortbow
 13937 | Orc:2    | Identified a +0 shortbow
 13937 | Orc:2    | Identified a +0 shortbow
 13937 | Orc:2    | Identified a +0 shortbow
 13948 | Orc:2    | Reached skill level 4 in Throwing
 13962 | Orc:2    | Identified a +0 glaive
 13962 | Orc:2    | Identified a +0 arbalest
 13964 | Orc:2    | Identified a cursed -2 giant spiked club
 14189 | Orc:2    | Found Kekk's Book Shop.
 14189 | Orc:2    | Found Syor's General Store.
 14191 | Orc:2    | Found Faliam's Antique Armour Emporium.
 14193 | Orc:2    | Found Xoqadin's Distillery.
 14209 | Orc:2    | Bought a potion of haste for 110 gold pieces
 14238 | Orc:2    | Identified a cursed -3 giant club
 14254 | Orc:2    | Identified a +0 whip
 14254 | Orc:2    | Identified a +0 broad axe
 14254 | Orc:2    | Identified a +0 plate armour
 14259 | Orc:2    | Identified a +2 mace of venom
 14259 | Orc:2    | Identified a +0 ring mail
 14357 | Orc:2    | Identified a +2 falchion of slicing
 14357 | Orc:2    | Identified a +0 chain mail
 14358 | Orc:2    | Identified a +0 dagger
 14358 | Orc:2    | Identified a +0 robe
 14358 | Orc:2    | Identified a +0 whip
 14358 | Orc:2    | Identified a +0 leather armour
 14464 | Orc:2    | Identified 3 scrolls of enchant armour
 14465 | Orc:2    | Identified a scroll of acquirement
 14467 | Orc:2    | Identified a scroll of fear
 14468 | Orc:2    | Identified a scroll of blinking
 14469 | Orc:2    | Identified a scroll of brand weapon
 14513 | Orc:1    | Identified a +0 leather armour
 14513 | Orc:1    | Identified a +0 leather armour
 14513 | Orc:1    | Identified a +0 scimitar
 14513 | Orc:1    | Identified a +0 chain mail
 14513 | Orc:1    | Identified a +0 battleaxe
 14513 | Orc:1    | Identified a +0 chain mail
 14513 | Orc:1    | Identified a +0 short sword
 14513 | Orc:1    | Identified a +0 leather armour
 14513 | Orc:1    | Identified a +0 giant club
 14513 | Orc:1    | Identified a +0 war axe
 14513 | Orc:1    | Identified a +0 plate armour
 14513 | Orc:1    | Identified a +0 dagger
 14513 | Orc:1    | Identified a +0 robe
 14513 | Orc:1    | Identified a +0 trident
 14513 | Orc:1    | Identified a +0 chain mail
 14515 | Orc:1    | Identified a +0 dagger
 14515 | Orc:1    | Identified a +0 robe
 14515 | Orc:1    | Identified a +0 club
 14515 | Orc:1    | Identified a +0 leather armour
 14516 | Orc:1    | Identified a +2 short sword of venom
 14516 | Orc:1    | Identified a +0 plate armour
 14517 | Orc:1    | Identified a +0 hand axe
 14518 | Orc:1    | Identified a +0 flail
 14519 | Orc:1    | Identified a +0 dagger
 14519 | Orc:1    | Identified a cursed -1 robe
 14520 | Orc:1    | Identified a +0 whip
 14524 | Orc:1    | Identified a +0 giant club
 14524 | Orc:1    | Identified a +0 giant club
 14524 | Orc:1    | Noticed a two-headed ogre
 14530 | Orc:1    | HP: 34/169 [orc warrior/+2 short sword of venom (20)]
 14530 | Orc:1    | HP: 12/169 [warg (5)]
 14536 | Orc:1    | Killed a two-headed ogre
 14536 | Orc:1    | Reached skill level 5 in Throwing
 14536 | Orc:1    | Reached skill level 10 in Shields
 14537 | Orc:1    | HP: 13/169 [orc warrior/+0 trident (4)]
 14927 | Orc:1    | Found a runed translucent gate.
 14927 | Orc:1    | Found a runed translucent gate.
 14931 | Orc:1    | Found a runed translucent gate.
 14934 | Orc:1    | Identified a +0 hand axe
 14934 | Orc:1    | Identified a +0 chain mail
 14938 | Orc:1    | Identified a +1 long sword of electrocution
 14938 | Orc:1    | Identified a +0 chain mail
 14939 | Orc:1    | Noticed Jugheis's ghost (journeyman HOMo)
 14939 | Orc:1    | Identified a cursed +0 flail
 14939 | Orc:1    | Identified a +0 plate armour
 14939 | Orc:1    | Identified an uncursed ring of positive energy
 15065 | Orc:1    | Identified a cursed -2 scimitar
 15065 | Orc:1    | Identified a +0 plate armour
 15066 | Orc:1    | Identified a +0 short sword
 15066 | Orc:1    | Identified a +0 chain mail
 15066 | Orc:1    | Identified a +0 morningstar
 15066 | Orc:1    | Identified a +0 chain mail
 15066 | Orc:1    | Identified a +0 hand axe
 15067 | Orc:1    | Identified a +0 dire flail of protection
 15067 | Orc:1    | Identified a +0 plate armour
 15067 | Orc:1    | Identified a +0 hand axe
 15067 | Orc:1    | Identified a +0 chain mail
 15071 | Orc:1    | Identified a cursed -1 scimitar
 15071 | Orc:1    | Identified a cursed +0 chain mail
 15072 | Orc:1    | Identified a +0 hand axe
 15072 | Orc:1    | Identified a +0 plate armour
 15073 | Orc:1    | Identified a +0 flail
 15074 | Orc:1    | Identified a +2 dire flail
 15074 | Orc:1    | Identified a +0 plate armour
 15075 | Orc:1    | Identified a +2 mace of draining
 15075 | Orc:1    | Identified a +3 plate armour
 15077 | Orc:1    | Identified a +0 giant club
 15078 | Orc:1    | Identified a +0 dagger
 15078 | Orc:1    | Identified a +0 robe
 15079 | Orc:1    | Identified a +0 troll leather armour
 15080 | Orc:1    | Reached skill level 13 in Fighting
 15081 | Orc:1    | Identified a +0 trident
 15081 | Orc:1    | Identified a +0 chain mail
 15086 | Orc:1    | HP: 24/115 [orc priest/divine providence (10)]
 15090 | Orc:1    | Identified a +0 flail
 15090 | Orc:1    | Identified a +0 dagger
 15090 | Orc:1    | Identified a +0 robe
 15092 | Orc:1    | Identified a +0 leather armour
 15096 | Orc:1    | Identified a +2 long sword of electrocution
 15096 | Orc:1    | Identified a +0 plate armour
 15097 | Orc:1    | Identified a +0 flail
 15097 | Orc:1    | Identified a +0 plate armour
 15097 | Orc:1    | Identified a +0 great sword
 15097 | Orc:1    | Identified a +0 arbalest
 15097 | Orc:1    | Identified a +0 plate armour
 15097 | Orc:1    | Identified a +0 club
 15097 | Orc:1    | Identified a +0 hand axe
 15097 | Orc:1    | Identified a +0 plate armour
 15103 | Orc:1    | HP: 35/172 [orc warrior/+0 trident (14)]
 15112 | Orc:1    | HP: 20/172 [orc warrior/+0 trident (12)]
 15118 | Orc:1    | Identified a +0 club
 15118 | Orc:1    | HP: 7/115 [orc warrior/boomerang (8)]
 15538 | Orc:1    | Reached skill level 6 in Throwing
 15738 | Orc:1    | Found a roughly hewn altar of Beogh.
 15941 | Orc:1    | Killed Jugheis's ghost
 16239 | D:12     | Identified a +0 dire flail
 16239 | D:12     | Identified a +0 chain mail
 16239 | D:12     | Identified a +0 mace
 16239 | D:12     | Identified a +0 trident
 16239 | D:12     | Identified a +0 leather armour
 16252 | D:12     | Received a gift from Trog
 16322 | D:12     | Identified a +0 short sword
 16335 | D:12     | Reached skill level 11 in Shields
 16349 | D:12     | Noticed a seven-headed hydra
 16356 | D:12     | Identified a cursed -2 giant club
 16356 | D:12     | Identified a +0 giant club
 16360 | D:12     | Killed a seven-headed hydra
 16360 | D:12     | Reached XP level 13. HP: 84/122 MP: 12/12
 16387 | D:12     | Identified a +0 trident
 16388 | D:12     | Identified a +0 ring mail
 16388 | D:12     | Identified a +0 short sword
 16388 | D:12     | Identified a cursed -1 club
 16556 | D:12     | Found a gate leading to a gauntlet.
 16566 | Gauntlet | Entered a Gauntlet
 16566 | Gauntlet | Found a transporter.
 16566 | Gauntlet | Found a transporter.
 16648 | Gauntlet | Found a transporter.
 16651 | Gauntlet | Found a transporter.
 16679 | Gauntlet | Reached skill level 7 in Throwing
 16905 | Gauntlet | Found a transporter.
 16905 | Gauntlet | Found a transporter.
 16929 | Gauntlet | Noticed a death ooze
 16943 | Gauntlet | Found a transporter.
 16948 | Gauntlet | Killed a death ooze
 17287 | Gauntlet | Identified an amulet of the acrobat (You found it in a
                  | Gauntlet)
 17293 | Gauntlet | Got a brightly glowing tin ring
 17296 | Gauntlet | Identified the ring "Desakuen" {Int+3 Dex+8} (You found it
                  | in a Gauntlet)
 17300 | Gauntlet | Identified a +2 scythe of venom
 17300 | Gauntlet | Noticed a reaper
 17358 | Gauntlet | Identified a +4 morningstar of holy wrath
 17358 | Gauntlet | Identified a +0 plate armour
 17358 | Gauntlet | Noticed a minotaur
 17371 | Gauntlet | Killed a minotaur
 17371 | Gauntlet | Reached skill level 14 in Fighting
 17524 | D:12     | Reached skill level 12 in Shields
 17557 | D:12     | Identified a +0 dagger
 17557 | D:12     | Identified a +0 dagger
 17557 | D:12     | Identified a cursed +0 flail
 17557 | D:12     | Identified a +0 ring mail
 17558 | D:12     | Identified a +0 war axe
 17558 | D:12     | Identified a +0 ring mail
 17817 | D:12     | Identified a +0 giant spiked club
 17817 | D:12     | Identified a +0 robe
 17817 | D:12     | Noticed Erolcha
 17817 | D:12     | Identified a cursed -2 shortbow
 17821 | D:12     | Received a gift from Trog
 17832 | D:12     | Killed Erolcha
 17887 | D:12     | Identified a +1 pair of boots of running (You acquired it
                  | on level 12 of the Dungeon)
 17895 | D:12     | Got a scintillating crystal amulet
 17896 | D:12     | Identified the amulet of Xashriys {RegenMP rElec rF- Dex+7}
                  | (You acquired it on level 12 of the Dungeon)
 17938 | D:13     | Identified a +0 whip
 17938 | D:13     | Identified a +1 longbow of flaming
 17938 | D:13     | Identified a +0 centaur barding
 17938 | D:13     | Noticed Nessos
 17939 | D:13     | Identified a +0 morningstar
 17940 | D:13     | Identified a +1 mace of protection
 17940 | D:13     | Identified a +0 ring mail
 17940 | D:13     | Identified a cursed -3 flail
 17960 | D:13     | Killed Nessos
 18206 | D:13     | Found a runed translucent door.
 18233 | D:13     | Identified +0 acid dragon scales
 18237 | D:13     | Received a gift from Trog
 18249 | D:13     | Identified a +4 vampiric broad axe (Trog gifted it to you
                  | on level 13 of the Dungeon)
 18580 | D:13     | Noticed CrazyMind's ghost (journeyman SpEn)
 18580 | D:13     | Identified a cursed +0 trident
 18581 | D:13     | Identified the +5 spear of Fodej {venom, rF+ Dex+4}
 18581 | D:13     | Identified a +0 ring mail
 18601 | D:13     | Identified a +0 dagger
 18748 | D:13     | Identified a +0 giant club
 18748 | D:13     | Identified a +0 giant spiked club
 18755 | D:13     | Reached skill level 13 in Shields
 18757 | D:13     | Identified a +0 troll leather armour
 18770 | D:13     | Identified a +3 executioner's axe of electrocution (You
                  | acquired it on level 2 of the Orcish Mines)
 18778 | D:13     | Found a gate to the Vaults.
 18779 | D:13     | Identified a +0 dagger
 18779 | D:13     | Identified a +0 robe
 18803 | D:13     | Identified a ring of fire (You found it on level 13 of the
                  | Dungeon)
 18804 | D:13     | Identified 2 potions of brilliance
 18805 | D:13     | Identified 2 potions of flight
 18999 | D:13     | Identified a +0 dagger of venom
 18999 | D:13     | Identified a +0 robe
 18999 | D:13     | Noticed Josephine
 19008 | D:13     | Killed Josephine
 19528 | D:13     | Killed CrazyMind's ghost
 19633 | D:14     | Identified a +0 dagger
 19634 | D:14     | Identified a +3 scimitar of flaming
 19634 | D:14     | Noticed Azrael
 19651 | D:14     | Killed Azrael
 19651 | D:14     | Reached XP level 14. HP: 128/133 MP: 13/13
 19661 | D:14     | Identified a +0 hand axe
 19661 | D:14     | Identified a +0 dagger
 19661 | D:14     | Identified a +0 robe
 19663 | D:14     | Identified a +0 trident
 19663 | D:14     | Identified a cursed +0 plate armour
 19780 | D:14     | Identified a +1 trident of freezing
 19780 | D:14     | Identified a +0 ring mail
 19780 | D:14     | Noticed Frances
 19809 | D:14     | Killed Frances
 19809 | D:14     | Reached skill level 14 in Shields
 19948 | D:14     | Identified a +0 long sword
 19948 | D:14     | Identified a +0 chain mail
 19948 | D:14     | Identified a cursed -3 dire flail
 19948 | D:14     | Identified a +0 giant club
 19955 | D:14     | Reached skill level 15 in Fighting
 19955 | D:14     | Reached skill level 17 in Axes
 20028 | D:14     | Identified a +0 giant club
 20077 | D:14     | Found Ifideit's Antique Weapon Shop.
 20085 | D:14     | Bought a twisted hand axe for 168 gold pieces
 20085 | D:14     | Identified the +8 hand axe "Moehiheh" {elec, rF+ rC+} (You
                  | bought it in a shop on level 14 of the Dungeon)
 20116 | D:14     | Identified a cursed +1 short sword of freezing
 20116 | D:14     | Identified a +0 robe
 20117 | D:14     | Identified a +4 falchion
 20117 | D:14     | Identified a +0 robe
 20118 | D:14     | Identified a +2 halberd
 20118 | D:14     | Identified a +0 robe
 20121 | D:14     | Identified a +4 flail
 20121 | D:14     | Identified a +0 robe
 20259 | D:14     | Received a gift from Trog
 20581 | D:14     | Identified a +3 antimagic hand axe (Trog gifted it to you
                  | on level 14 of the Dungeon)
 20653 | D:14     | Identified a +4 war axe of freezing (You acquired it on
                  | level 14 of the Dungeon)
 20764 | D:15     | Entered Level 15 of the Dungeon
 20860 | D:15     | Identified a +0 shortbow
 20860 | D:15     | Identified a +0 longbow
 20863 | D:15     | Identified a +0 shortbow
 20864 | D:15     | Identified a +0 shortbow
 20956 | D:15     | Identified a +0 shortbow
 20957 | D:15     | Identified a +0 shortbow
 20978 | D:15     | Identified a +0 dagger
 20978 | D:15     | Identified a cursed +0 robe
 20978 | D:15     | Identified a +0 dagger
 20978 | D:15     | Identified a cursed +0 robe
 20978 | D:15     | Identified a +0 flail
 20978 | D:15     | Identified a +0 plate armour
 20979 | D:15     | Identified a +0 dagger
 20979 | D:15     | Identified a +0 robe
 21062 | D:15     | Identified a +0 dagger
 21062 | D:15     | Identified a +0 robe
 21097 | D:15     | Identified a +0 longbow
 21104 | D:15     | Reached skill level 15 in Shields
 21168 | D:15     | Identified +0 acid dragon scales
 21261 | D:15     | Identified a +0 broad axe
 21261 | D:15     | Identified a +0 leather armour
 21261 | D:15     | Identified a +0 hand axe
 21261 | D:15     | Identified a +0 leather armour
 21262 | D:15     | Identified a +0 war axe
 21262 | D:15     | Identified a +0 leather armour
 21270 | D:15     | Reached skill level 1 in Evocations
 21582 | D:15     | Identified a +0 longbow
 21613 | D:15     | Identified a +0 war axe of chopping (You found it on level
                  | 15 of the Dungeon)
 21707 | D:15     | Reached skill level 2 in Evocations
 21836 | D:15     | Identified a +0 trident
 21836 | D:15     | Identified a +0 robe
 21854 | D:15     | Identified a +0 giant club
 21860 | D:15     | Identified a +0 spear
 21860 | D:15     | Identified a +0 robe
 21860 | D:15     | Identified a +0 dire flail
 21860 | D:15     | Identified a cursed -1 giant spiked club
 21860 | D:15     | Identified a cursed -2 giant club
 21860 | D:15     | Identified a +0 giant spiked club
 21860 | D:15     | Identified a +1 dire flail of protection
 21860 | D:15     | Identified a +0 giant club
 21860 | D:15     | Identified a +0 giant club
 21860 | D:15     | Identified a +0 giant spiked club
 21860 | D:15     | Identified a +0 giant club
 21860 | D:15     | Identified a +0 giant club
 21860 | D:15     | Identified a +0 giant club
 21860 | D:15     | Identified a +0 giant club
 21866 | D:15     | Identified a +0 shortbow
 21916 | D:15     | HP: 33/136 [two-headed ogre/+1 dire flail of protection[a
                  | boggart] (17)]
 21920 | D:15     | HP: 6/136 [two-headed ogre/+0 giant club[a boggart] (18)]
 21921 | D:15     | Slain by a two-headed ogre

Table legend:
 A = Turns spent in this place as a percentage of turns spent in the entire game.
 B = Non-inter-level travel turns spent in this place as a percentage of non-inter-level travel turns spent in the entire game.
 C = Inter-level travel turns spent in this place as a percentage of turns spent in this place.
 D = Turns resting spent in this place as a percentage of non-inter-level travel turns spent in this place.
 E = Turns spent auto-exploring this place as a percentage of non-inter-level travel turns spent in this place.
 F = Non-inter-level travel turns spent in this place divided by the number of levels of this place that you've seen.
                   A       B       C       D       E      F
               +-------+-------+-------+-------+-------+----------------------
         Total | 100.0 | 100.0 |   3.7 |  26.6 |  54.0 | 1110.6
       Dungeon |  80.3 |  80.2 |   3.9 |  22.7 |  58.5 | 1128.7
        Temple |   0.4 |   0.5 |   0.0 |   0.0 |  75.0 |  96.0
  Orcish Mines |  15.4 |  15.3 |   4.2 |  38.1 |  39.6 | 1613.0
      Gauntlet |   3.9 |   4.0 |   0.0 |  64.2 |  16.4 | 850.0
               +-------+-------+-------+-------+-------+----------------------

Table legend:
 A = Kills in this place as a percentage of kills in entire the game.
 B = Kills by you in this place as a percentage of kills by you in the entire game.
 C = Kills by friends in this place as a percentage of kills by friends in the entire game.
 D = Other kills in this place as a percentage of other kills in the entire game.
 E = Experience gained in this place as a percentage of experience gained in the entire game.
 F = Experience gained in this place divided by the number of levels of this place that you have seen.
                   A       B       C       D       E      F
               +-------+-------+-------+-------+-------+----------------------
         Total | 100.0 | 100.0 | 100.0 |   N/A | 100.0 | 4702.3
       Dungeon |  76.2 |  79.4 |   4.0 |   N/A |  76.1 | 4530.1
  Orcish Mines |  21.1 |  17.7 |  96.0 |   N/A |  17.9 | 8011.0
      Gauntlet |   2.7 |   2.9 |   0.0 |   N/A |   6.0 | 5371.0
               +-------+-------+-------+-------+-------+----------------------

Skill      XL: |  1  2  3  4  5  6  7  8  9 10 11 12 13 14 |
---------------+-------------------------------------------+-----
Axes           | 4 5 6 7 8 10 12 14 15 16 17 | 17.6
Fighting       | 4 5 6 7 9 10 12 13 14 15 | 15.7
Armour         | 3 4 5 6 7 8 |  8.0
Shields        | 3 6 8 11 13 15 | 15.0
Throwing       | 2 6 7 |  7.0
Evocations     | 2 |  2.4
Dodging        | |  2.1

Action                   |  1- 3 |  4- 6 |  7- 9 | 10-12 | 13-15 || total
-------------------------+-------+-------+-------+-------+-------++-------
Melee: Hand axe          |    72 |    76 |       |       |       ||   148
       Headbutt          |     8 |    24 |    53 |   154 |   161 ||   400
       War axe           |       |    24 |   247 |   534 |       ||   805
       Broad axe         |       |       |       |   149 |   579 ||   728
Throw: Stone             |       |     1 |       |       |       ||     1
       Javelin           |       |       |       |     7 |       ||     7
       Boomerang         |       |       |       |     1 |       ||     1
Invok: Berserk           |     1 |     5 |     2 |     8 |     2 ||    18
       Trog's Hand       |       |     4 |     2 |    17 |     8 ||    31
       Brothers in Arms  |       |       |       |     5 |     1 ||     6
Evoke: Wand              |       |       |       |     1 |       ||     1
  Use: Scroll            |     1 |     2 |     7 |     9 |    11 ||    30
       Potion            |       |       |     6 |     6 |     1 ||    13
  Eat: Chunk             |     1 |     9 |    10 |    29 |    10 ||    59
       Ration            |       |     1 |     3 |     4 |     4 ||    12
Armor: Ring mail         |    25 |    11 |    86 |    19 |       ||   141
       Chain mail        |       |    25 |       |       |       ||    25
       Scale mail        |       |       |       |   232 |   168 ||   400
Dodge: Dodged            |    40 |    36 |   127 |   178 |   168 ||   549
Block: Shield            |       |       |    40 |   379 |   318 ||   737

Vanquished Creatures
  Frances (D:14)
  Nessos (D:13)
  Azrael (D:14)
  A minotaur (Gauntlet)
  The ghost of CrazyMind the Imperceptible, a journeyman SpEn of Dithmenos (D:13)
  A death ooze (Gauntlet)
  Erolcha (D:12)
  The ghost of Jugheis the Cleaver, a journeyman HOMo of Beogh (Orc:1)
  Josephine (D:13)
  A rakshasa (D:15)
  4 centaur warriors (D:15)
  5 two-headed ogres
  A queen ant (shapeshifter) (D:15)
  Urug (D:11)
  An orc high priest (Orc:2)
  Nergalle (D:10)
  Sonja (D:11)
  A fire crab (Gauntlet)
  4 unseen horrors
  5 orc knights
  A wizard (D:13)
  The ghost of RaHiT the Frost Mage, a novice DrIE of Sif Muna (D:6)
  A harpy (shapeshifter) (D:15)
  A wolf spider zombie (D:13)
  2 orc sorcerers
  A deep elf mage (D:12)
  14 ugly things
  2 manticores
  A cyclops (D:12)
  4 centaur zombies
  A smoke demon (Gauntlet)
  3 centaur skeletons
  2 kobold demonologists
  A komodo dragon (shapeshifter) (D:14)
  A komodo dragon (D:13)
  6 trolls
  3 meliai (D:15)
  A hornet (D:13)
  7 slime creatures
  2 hippogriffs
  A meliai zombie (D:15)
  Prince Ribbit (D:5)
  3 vampires
  2 spriggans (D:13)
  A shadow (D:12)
  2 wyverns
  5 wraiths
  20 yaks
  Eustachio (D:5)
  A basilisk (D:15)
  4 fire bats (Gauntlet)
  3 fire elementals (D:14)
  Grum (D:8)
  A hungry ghost (D:7)
  2 steam dragons
  6 vampire mosquitoes
  4 wargs
  A water moccasin (D:13)
  A soldier ant (D:15)
  2 acid dragons
  Duvessa (D:4)
  A hell hound (D:14)
  3 black bears
  34 orc warriors
  5 ice beasts
  7 necrophages
  A phantom (D:14)
  4 sky beasts
  An eye of draining (D:11)
  8 ogres
  2 boggarts (D:15)
  18 centaurs
  5 wolves
  4 big kobolds
  9 bullfrogs
  2 wyvern zombies
  5 scorpions
  2 wyvern skeletons
  Dowan (D:4)
  5 killer bees (D:13)
  9 wights
  6 howler monkeys
  3 bullfrog zombies
  4 quasits
  12 crimson imps
  7 hounds
  7 jellies
  8 orc priests
  7 bullfrog skeletons
  4 iguanas
  Ijyb (D:3)
  21 orc wizards
  9 worker ants
  A gnoll (D:6)
  10 adders
  A shadow imp (D:6)
  An ooze (D:3)
  2 adder zombies (D:7)
  An adder skeleton (D:9)
  4 worms (D:3)
  4 dart slugs
  5 leopard geckos
  94 orcs
  3 giant cockroaches
  7 goblins
  5 hobgoblins
  14 jackals
  16 kobolds
  4 quokkas
  9 bats
  3 frilled lizards
  2 quokka zombies
  6 rats
  2 bushes (D:7)
  A demonic plant (Gauntlet)
  2 plants (D:7)
564 creatures vanquished.

Vanquished Creatures (collateral kills)
  A hydra (D:12)
  2 orc knights (Orc:2)
  An orc sorcerer (Orc:2)
  A troll (Orc:1)
  14 orc warriors (Orc:2)
  3 centaurs (Orc:2)
  3 orcs (Orc:2)
25 creatures vanquished.

Vanquished Creatures (others)
  A vampire mosquito (D:14)
  A kobold (D:3)
  2 fungi (D:13)
  5 plants
9 creatures vanquished.

Grand Total: 598 creatures vanquished
